 Dungeon Crawl Stone Soup version 0.29.1-15-g9cfb28693d (webtiles) character file.

Game seed: 2897703368511937521

26 Heoruswealwe the Magician (level 2, 0/15 HPs)
             Began as a Deep Elf Earth Elementalist on Mar 20, 2023.
             Slain by an adder (1 damage)
             ... on level 2 of the Dungeon.
             The game lasted 00:08:17 (622 turns).

Heoruswealwe the Magician (DEEE)                     Turns: 622, Time: 00:08:18

Health: 0/15       AC:  2    Str:  5    XL:     2   Next: 89%
Magic:  5/9        EV: 12    Int: 19    God:
Gold:   80         SH:  0    Dex: 15    Spells: 6/9 levels left

rFire   . . .      SeeInvis .   (no weapon)
rCold   . . .      Faith    .   (no shield)
rNeg    . . .      Spirit   .   a - +0 robe
rPois   .          Reflect  .   (no helmet)
rElec   .          Harm     .   (no cloak)
rCorr   .          Rampage  .   (no gloves)
Will    .....                   (no boots)
Stlth   ++........              (no amulet)
HPRegen 0.05/turn               (no ring)
MPRegen 0.11/turn               (no ring)

@: lethally poisoned (0 -> -3)
A: no striking features
a: no special abilities


You were on level 2 of the Dungeon.
You visited 1 branch of the dungeon, and saw 2 of its levels.

You collected 80 gold pieces.

Inventory:

Hand Weapons
 c - a +0 hand axe
Armour
 a - a +0 robe (worn)
Scrolls
 f - 3 scrolls of teleportation
 h - a scroll of butterflies {unknown}
Potions
 b - a potion of magic
 d - 2 potions of curing


   Skills:
 - Level 2.4 Dodging
 - Level 2.4 Stealth
 * Level 4.0 Spellcasting
 + Level 1.8 Transmutations
 + Level 3.6 Earth Magic


You had 6 spell levels left.
You knew the following spells:

 Your Spells              Type           Power      Damage    Failure   Level
a - Sandblast             Erth           34%        2d9       3%          1
b - Passwall              Tmut/Erth      11%        N/A       7%          2

Your spell library contained the following spells:

 Spells                   Type           Power      Damage    Failure   Level
 Foxfire                  Conj/Fire      12%        2x1d4     14%         1
 Static Discharge         Conj/Air       3%         3-4/arc   21%         2
 Stone Arrow              Conj/Erth      20%        3d8       21%         3
 Ozocubu's Armour         Ice            3%         N/A       38%         3
 Petrify                  Tmut/Erth      14%        N/A       41%         4
 Chain Lightning          Conj/Air       1%         3d2       100%        9
 Fire Storm               Conj/Fire      1%         8d1       100%        9


Dungeon Overview and Level Annotations

Branches:
Dungeon (2/15)

Altars:


Message History

g - a scroll of acquirement You see here the Papyrus of the Dynamic Glacier.
Something appears at your feet!
You pick up the Papyrus of the Dynamic Glacier and begin reading...
You add the spells Foxfire, Static Discharge, Ozocubu's Armour, Chain Lightning and Fire Storm to your library.
Okay, then.
Found a potion of curing.
d - 2 potions of curing (gained 1)
You open the door.
There is an open door here.
Found a dagger.
An adder comes into view.
The adder hisses angrily.
You see here a +0 dagger.
The blast of sand hits the adder!
The adder is severely wounded.
The adder bites you but does no damage. The adder bites you.
The blast of sand misses the adder.
The adder bites you.
You are poisoned.
The adder poisons you! The adder bites you.
You are too injured to fight recklessly!
You are too injured to fight recklessly!
Casting: Sandblast (safe; 3% risk of failure)
Confirm with . or Enter, or press ? or * to list all spells.
Aiming: Sandblast (safe; 3% risk of failure)
Press: ? - help, Shift-Dir - straight line, f/p - adder
Aim: an adder (heavily wounded, 70% to hit)
The blast of sand misses the adder.
You feel sick. The adder barely misses you.
The adder bites you but does no damage.
Casting: Sandblast (safe; 3% risk of failure)
Confirm with . or Enter, or press ? or * to list all spells.
Aiming: Sandblast (safe; 3% risk of failure)
Press: ? - help, Shift-Dir - straight line, f/p - adder
Aim: an adder (heavily wounded, 70% to hit)
The blast of sand misses the adder.
* * * LOW HITPOINT WARNING * * *
You feel sick. The adder bites you.
* * * LOW HITPOINT WARNING * * *
The adder bites you.
You die...

# #.
#.###
#.S@#
###.#
#.####
#....#
####.#
#.#
#.#####
#.....#
#####.#


You could see an adder.

Vanquished Creatures
  4 endoplasms (D:1)
  2 giant cockroaches (D:1)
  3 goblins (D:1)
  A hobgoblin (D:1)
  2 quokkas (D:1)
  6 ball pythons (D:1)
  2 bats (D:1)
  A rat (D:1)
21 creatures vanquished.

Notes
Turn   | Place    | Note
-------+----------+-------------------------------------------
     0 | D:1      | Heoruswealwe the Deep Elf Earth Elementalist began the
                  | quest for the Orb.
     0 | D:1      | Reached XP level 1. HP: 10/10 MP: 6/6
   163 | D:1      | Reached XP level 2. HP: 15/15 MP: 5/8
   201 | D:1      | Learned a level 2 spell: Passwall
   390 | D:1      | Reached skill level 4 in Spellcasting
   537 | D:2      | Identified a scroll of acquirement
   538 | D:2      | Acquired the Papyrus of the Dynamic Glacier
   622 | D:2      | Slain by an adder

Illustrated notes

Levels and vault maps discovered:
D:1:      nzn_arrival_settlement, layout_rooms, interstate_on_off
D:2:      layout_basic, uniq_jessica

Skill      XL: |  1  2 |
---------------+-------+-----
Spellcasting   | 4 |  4.0
Dodging        | |  2.4
Stealth        | |  2.4
Transmutations | |  1.8
Earth Magic    | |  3.6

Action                   || total
-------------------------++-------
 Cast: Sandblast         ||    33
  Use: Scroll            ||     5
Armor: Robe              ||     3
Dodge: Dodged            ||     8
